 Dungeon Crawl Stone Soup version 0.23-a0-565-g3e74e4c (webtiles) character file.

85 Leeroy the Charmwright (level 4, 0/33 HPs)
             Began as a Merfolk Skald on Dec 13, 2018.
             Succumbed to an adder's poison
             ... on level 2 of the Dungeon.
             The game lasted 00:04:10 (1103 turns).

Leeroy the Charmwright (Merfolk Skald)              Turns: 1103, Time: 00:04:11

Health: 0/33       AC:  4    Str: 12    XL:     4   Next: 48%
Magic:  7/7        EV: 12    Int: 12    God:
Gold:   45         SH:  0    Dex: 13    Spells: 2/7 levels left

rFire    . . .     SeeInvis .   a - +0 falchion
rCold    . . .     Gourm    .   (no shield)
rNeg     . . .     Faith    .   b - +0 leather armour
rPois    .         Spirit   .   (no helmet)
rElec    .         Reflect  .   e - +0 cloak
rCorr    .         Harm     .   (no gloves)
MR       .....                  (no boots)
Stlth    +.........             (no amulet)
HPRegen  0.11/turn              (no ring)
MPRegen  0.10/turn              (no ring)

@: lethally poisoned (0 -> -3)
A: change form in water, swift swim, stealthy swim
a: no special abilities


You were on level 2 of the Dungeon.
You were not hungry.

You visited 1 branch of the dungeon, and saw 2 of its levels.

You collected 45 gold pieces.

Inventory:

Hand Weapons
 a - a +0 falchion (weapon)
 c - a +0 hand axe
 k - a +0 short sword
 u - a +0 hunting sling
Missiles
 h - 32 poisoned needles
 j - 66 stones (quivered)
 p - 90 arrows
Armour
 b - a +0 leather armour (worn)
 e - a +0 cloak (worn)
 f - a +0 scale mail
 q - a +0 cloak
Jewellery
 r - a +2 ring of strength {unknown}
Scrolls
 i - 2 scrolls of magic mapping {unknown}
 l - 2 scrolls of identify {unknown}
 o - a scroll of teleportation {unknown}
 s - a scroll of amnesia {unknown}
Potions
 g - a potion of curing
 m - a potion of might {unknown}
 n - a potion of heal wounds {unknown}
Comestibles
 d - a ration
 t - 2 chunks of flesh


   Skills:
 + Level 2.3 Fighting
 * Level 3.9 Long Blades
 + Level 1.1 Armour
 + Level 2.9 Dodging
 + Level 2.1 Spellcasting
 + Level 3.9 Charms


You had 2 spell levels left.
You knew the following spells:

 Your Spells              Type           Power        Failure   Level  Hunger
a - Infusion              Chrm           ##..         7%          1    ##.....
b - Song of Slaying       Chrm           ##......     11%         2    ###....
c - Shroud of Golubria    Chrm/Tloc      #.........   22%         2    ###....

Your spell library contained the following spells:

 Spells                   Type           Power        Failure   Level  Hunger
 Regeneration             Chrm/Necr      #.........   41%         3    ####...
 Spectral Weapon          Hex/Chrm       #.......     41%         3    ####...


Dungeon Overview and Level Annotations

Branches:
Dungeon (2/15)

Altars:


Message History

You are no longer magically infusing your attacks.
You feel sick. The adder barely misses you.
Found a potion of curing.
Found a ration.
A rat comes into view.
The adder barely misses you.
You feel sick.
Found a stone staircase leading down.
Found an escape hatch in the floor.
You see here a potion of curing.
g - a potion of curing You feel sick.
The adder completely misses you. The adder bites you but does no damage.
The rat barely misses you.
Found a pair of gloves.
The adder bites you.
* * * LOW HITPOINT WARNING * * *
You are more poisoned.
The adder poisons you!
You die...

## ###... . ....###.....
.. #.r..?.##. #.####
#####w#...
#....###.........
####.@.Sr.............
####...#.#.......>...#..
#......#...........##.
#.......#.%.......... .
#.[.....#...........#
#.......##..........#
##.....####........#
...... .......


You could see an adder, a hobgoblin and 2 rats.

Vanquished Creatures
  Terence (D:1)
  Jessica (D:2)
  A worm (D:2)
  A dart slug (D:1)
  4 bats
  A giant cockroach (D:1)
  2 goblins
  8 hobgoblins
  A quokka (D:2)
  A ball python (D:1)
  2 frilled lizards
  4 kobolds (D:1)
  A rat (D:1)
28 creatures vanquished.

Notes
Turn   | Place    | Note
-------+----------+-------------------------------------------
     0 | D:1      | Leeroy the Merfolk Skald began the quest for the Orb.
     0 | D:1      | Reached XP level 1. HP: 16/16 MP: 3/3
   149 | D:1      | Reached XP level 2. HP: 17/22 MP: 5/5
   183 | D:1      | Learned a level 2 spell: Song of Slaying
   186 | D:1      | Learned a level 2 spell: Shroud of Golubria
   736 | D:1      | Reached XP level 3. HP: 27/27 MP: 6/6
   850 | D:2      | Noticed Jessica
   861 | D:2      | Killed Jessica
   868 | D:2      | Noticed Terence
   953 | D:1      | Killed Terence
   953 | D:1      | Reached skill level 1 in Armour
   953 | D:1      | Reached XP level 4. HP: 16/33 MP: 2/7
  1102 | D:2      | HP: 1/33 [adder (5)]
  1103 | D:2      | Succumbed to an adder's poison

Vault maps used:
D:1:      eino_arrival_water_cross
D:2:      uniq_jessica, uniq_terence

Skill      XL: |  1  2  3 |
---------------+----------+-----
Long Blades    | 3 |  3.9
Armour         | 1 |  1.1
Fighting       | |  2.3
Dodging        | |  2.9
Spellcasting   | |  2.1
Charms         | |  3.9

Action                   |  1- 3 |  4- 6 || total
-------------------------+-------+-------++-------
Melee: Falchion          |    78 |    20 ||    98
 Cast: Infusion          |     4 |     1 ||     5
       Shroud of Golubri |     3 |     1 ||     4
  Use: Potion            |       |     3 ||     3
  Eat: Chunk             |       |     1 ||     1
Armor: Leather armour    |    20 |    13 ||    33
Dodge: Dodged            |    78 |    40 ||   118
       Rpst.: Falchion   |    23 |     7 ||    30

Table legend:
 A = Non-vault XP
 B = Vault XP
 C = Vault XP percentage of total XP
 D = Non-vault monster count
 E = Vault monster count
 F = Vault count percentage of total count
                 A         B        C        D         E       F
            +---------+---------+-------+---------+---------+-------
      Total |      47 |      75 |  61.5 |      25 |       2 |   7.4
            +---------+---------+-------+---------+---------+-------
        D:1 |      34 |      38 |  52.8 |      19 |       1 |   5.0
        D:2 |      13 |      37 |  74.0 |       6 |       1 |  14.3
            +---------+---------+-------+---------+---------+-------
